 Dungeon Crawl Stone Soup version 0.25-a0-246-g58704a1ebd (webtiles) character file.

Game seed: 17555033819453703360, levelgen mode: deterministic

32 Jerej03 the Chiller (level 3, 0/16 HPs)
             Began as a Vine Stalker Ice Elementalist on Dec 3, 2019.
             Was an Initiate of Sif Muna.
             Succumbed to an adder's poison
             ... on level 2 of the Dungeon.
             The game lasted 00:11:41 (1217 turns).

Jerej03 the Chiller (Vine Stalker Ice Elementalist) Turns: 1217, Time: 00:11:41

Health: 0/16       AC:  4    Str: 15    XL:     3   Next: 27%
Magic:  7/7        EV: 12    Int: 16    God:    Sif Muna [......]
Gold:   63         SH:  0    Dex: 14    Spells: 5/6 levels left

rFire    . . .     SeeInvis .   d - +2 short sword (flame)
rCold    . . .     Gourm    .   (no shield)
rNeg     . . .     Faith    .   a - +0 robe
rPois    .         Spirit   +   (no helmet)
rElec    .         Reflect  .   (no cloak)
rCorr    .         Harm     .   h - +1 pair of gloves
MR       .....                  (no boots)
Stlth    ++........             i - amulet of magic regeneration
HPRegen  0.05/turn              (no ring)
MPRegen  0.35/turn              (no ring)

@: mighty, lethally poisoned (0 -> -9), very slightly contaminated, hasted and
slowed
A: fangs 2, magic shield, antimagic bite, no potion heal 3, rot immunity
a: Renounce Religion


You were on level 2 of the Dungeon.
You worshipped Sif Muna.
Sif Muna was noncommittal.
You were not hungry.

You visited 1 branch of the dungeon, and saw 2 of its levels.

You collected 63 gold pieces.

Inventory:

Hand Weapons
 d - a +2 short sword of flaming (weapon)
 e - a +1 dagger of speed
 f - a +0 flail
Armour
 a - a +0 robe (worn)
 h - a +1 pair of gloves (worn)
 k - a +0 leather armour
Jewellery
 i - an amulet of magic regeneration (around neck)
Comestibles
 c - a ration


   Skills:
 + Level 0.1 Short Blades
 + Level 1.7 Dodging
 + Level 2.7 Stealth
 + Level 2.3 Spellcasting
 + Level 4.7 Ice Magic


You had 5 spell levels left.
You knew the following spells:

 Your Spells              Type           Power        Failure   Level  Hunger
a - Freeze                Ice            ###.         2%          1    #......

Your spell library contained the following spells:

 Spells                   Type           Power        Failure   Level  Hunger
 Ozocubu's Armour         Chrm/Ice       #.......     22%         3    ###....
 Hailstorm                Conj/Ice       #.......     58%         4    #####..
 Summon Ice Beast         Ice/Summ       #.......     58%         4    #####..


Dungeon Overview and Level Annotations

Branches:
Dungeon (2/15)

Altars:
Sif Muna

Annotations:
D:2 Natasha


Innate Abilities, Weirdness & Mutations

You have extremely sharp teeth.
When hurt, damage is shared between your health and your magic reserves.
Your bite disrupts and absorbs the magic of your enemies.
Potions cannot restore your health.
You are immune to rotting.


Message History

The adder poisons you!
Blink to where?
Press: ? - help, Dir - move target cursor, p - adder You are very lightly contaminated with residual magic.
As you read the scroll labeled DEIGUA UMORUMM, it crumbles to dust.
It was a scroll of blinking.
* * * LOW HITPOINT WARNING * * *
You feel sick.
* * * LOW HITPOINT WARNING * * *
You feel sick.
An adder comes into view.
* * * LOW HITPOINT WARNING * * *
You feel sick.
Found a stone staircase leading down.
It was a potion of might.
You feel very mighty all of a sudden.
* * * LOW HITPOINT WARNING * * *
You feel sick.
It was a potion of haste.
You feel yourself speed up.
You die...

,#.##.#,,*,*,********
,..)..#,.*,,,,,,,...*
##....#..*,*,**,*..#*
.......,,*,*,**,*.>#
.#...,,,**,*,**,*..#
.#.#######,*,**,*S.#
....S.....,*,,,,*..#
##.##############..##
.....g.....g..S.@...#
##.###############.##
*#.# *,# ,#.# *,*
,+.# *,* ,### *,* ,*
*,* ,* *,* ,* *,*


You could see 2 adders and a hobgoblin.

Vanquished Creatures
  2 leopard geckos
  A ball python (D:1)
  A giant cockroach (D:2)
  5 goblins
  2 hobgoblins (D:1)
  2 jackals (D:2)
  5 bats
  A frilled lizard (D:2)
  4 kobolds
  3 rats
26 creatures vanquished.

Notes
Turn   | Place    | Note
-------+----------+-------------------------------------------
     0 | D:1      | Jerej03 the Vine Stalker Ice Elementalist began the quest
                  | for the Orb.
     0 | D:1      | Reached XP level 1. HP: 9/9 MP: 4/4
   217 | D:1      | Reached XP level 2. HP: 13/13 MP: 6/6
   960 | D:2      | Reached XP level 3. HP: 13/16 MP: 7/7
   974 | D:2      | Noticed Natasha
  1038 | D:2      | Found a shimmering blue altar of Sif Muna.
  1044 | D:2      | Became a worshipper of Sif Muna the Loreminder
  1217 | D:2      | Succumbed to an adder's poison

Levels and vault maps discovered:
D:1:      lightli_arrival_quake, layout_basic
D:2:      layout_basic, led_sif_pool, uniq_natasha, uniq_crazy_yiuf_cottage

Action                   || total
-------------------------++-------
Melee: Short sword       ||    32
       Unarmed           ||     1
       Bite              ||     5
 Cast: Freeze            ||    18
  Use: Potion            ||     8
       Scroll            ||     7
 Stab: Sleeping          ||     4
  Eat: Ration            ||     1
Armor: Robe              ||    21
Dodge: Dodged            ||    29

Table legend:
 A = Non-vault XP
 B = Vault XP
 C = Vault XP percentage of total XP
 D = Non-vault monster count
 E = Vault monster count
 F = Vault count percentage of total count
                 A         B        C        D         E       F
            +---------+---------+-------+---------+---------+-------
      Total |      47 |       0 |   0.0 |      26 |       0 |   0.0
            +---------+---------+-------+---------+---------+-------
        D:1 |      28 |       0 |   0.0 |      16 |       0 |   0.0
        D:2 |      19 |       0 |   0.0 |      10 |       0 |   0.0
            +---------+---------+-------+---------+---------+-------
